 Dungeon Crawl Stone Soup version 0.30-a0-534-gdc55766716 (webtiles) character file.

Game seed: 11581310510020847333

144823 drugrobin the Wrestler (level 16, -28/151 HPs)
             Began as a Demigod Delver on Dec 25, 2022.
             Killed from afar by an Ice Fiend (35 damage)
             ... with a bolt of cold
             ... in an ice cave.
             The game lasted 01:53:17 (33913 turns).

drugrobin the Wrestler (Demigod Delver)            Turns: 33913, Time: 01:53:18

Health: -28/151    AC: 20    Str: 23    XL:     16   Next: 33%
Magic:  0/32       EV: 10    Int: 15    God:
Gold:   822        SH: 10    Dex: 19    Spells: 7/25 levels left

rFire   + . .      SeeInvis +      - Unarmed
rCold   + . .      Faith    .    Z - +2 kite shield {AC+3}
rNeg    . . .      Spirit   +    U - +4 moon troll leather armour {Spirit, Regen++ MP+5}
rPois   .          Reflect  .    K - +2 helmet
rElec   .          Harm     .    X - +2 cloak
rCorr   +          Rampage  .    W - +1 pair of gloves of Polish {rF++ Str+2 Int-5}
Will    +....                    P - +0 pair of boots of the Old World {rCorr SInv}
Stlth   +++                      B - amulet of magic regeneration
HPRegen 2.05/turn                a - ring of ice
MPRegen 0.63/turn                F - ring of wizardry

@: mighty, unable to drink
A: high MP 1, forlorn, divine attributes, inability to drink after injury 1
a: no special abilities


You were in an ice cave.
You visited 5 branches of the dungeon, and saw 26 of its levels.
You also visited: Sewer, Gauntlet and Ice Cave.

You collected 3042 gold pieces.
You spent 2220 gold pieces at shops.

Inventory:

Hand Weapons
 V - a +1 dagger of venom
Missiles
 g - 10 javelins (quivered)
 Q - 3 curare-tipped darts
Armour
 K - a +2 helmet (worn)
 P - the +0 pair of boots of the Old World (worn) {rCorr SInv}
   (You found it in a Gauntlet)

   SInv:      It lets you see invisible.
   rCorr:     It protects you from acid and corrosion.
 S - the +3 scale mail of the Meadowlark {rElec rPois Int-2 SInv}
   (You found it on level 8 of the Dungeon)

   Int:       It affects your intelligence (-2).
   rElec:     It insulates you from electricity.
   rPois:     It protects you from poison.
   SInv:      It lets you see invisible.
 U - the +4 moon troll leather armour (worn) {Spirit, Regen++ MP+5}
   (You bought it in a shop on level 2 of the Orcish Mines)

   MP:        It affects your magic capacity (+5).
   Regen:     It increases your rate of health regeneration.
 W - the +1 pair of gloves of Polish (worn) {rF++ Str+2 Int-5}
   (You found it in a Gauntlet)

   Str:       It affects your strength (+2).
   Int:       It affects your intelligence (-5).
   rF:        It greatly protects you from fire.
 X - a +2 cloak (worn)
 Z - a +2 kite shield of protection (worn)
Jewellery
 a - a ring of ice (left hand)
 B - an amulet of magic regeneration (around neck)
 F - a ring of wizardry (right hand)
 N - a ring of flight
Wands
 c - a wand of mindburst (8)
 f - a wand of digging (13)
 i - a wand of flame (6)
 y - a wand of paralysis (9)
 Y - a wand of light (13)
Scrolls
 b - a scroll of identify
 d - 2 scrolls of fear
 l - 19 scrolls of teleportation
 u - 10 scrolls of fog
 v - 5 scrolls of blinking
 I - 2 scrolls of immolation
Potions
 e - 3 potions of haste
 k - 3 potions of ambrosia
 p - 4 potions of invisibility
 q - 4 potions of magic
 r - a potion of flight
 s - 3 potions of might
 x - 10 potions of heal wounds
 C - 7 potions of attraction
 D - 5 potions of lignification
 E - a potion of brilliance
 G - 10 potions of curing
 J - 3 potions of cancellation
 R - 4 potions of mutation
 T - a potion of berserk rage
Miscellaneous
 t - a phial of floods
 w - a condenser vane


   Skills:
 + Level 15.8 Fighting
 - Level 1.7 Dodging
 - Level 4.5 Stealth
 + Level 22.1 Unarmed Combat
 - Level 5.0 Spellcasting
 * Level 3.6 Transmutations
 - Level 4.0 Evocations


You had 7 spell levels left.
You knew the following spells:

 Your Spells              Type           Power      Damage    Failure   Level
a - Blink                 Tloc           6%         N/A       38%         2
b - Mephitic Cloud        Conj/Pois/Air  3%         N/A       58%         3
c - Cigotuvi's Dreadful   Necr/Pois/Air  6%         N/A       38%         2
d - Wereblood             Tmut           14%        N/A       10%         2
e - Swiftness             Air            3%         N/A       58%         3
f - Statue Form           Tmut/Erth      6%         N/A       100%        6

Your spell library contained the following spells:

 Spells                   Type           Power      Damage    Failure   Level
 Apportation              Tloc           6%         N/A       26%         1
 Kiss of Death            Conj/Necr      12%        2d6       26%         1
 Necrotise                Necr           12%        1d4       26%         1
 Shock                    Conj/Air       12%        1d3       26%         1
 Summon Small Mammal      Summ           12%        N/A       26%         1
 Momentum Strike          Conj/Tloc      6%         3d8       38%         2
 Poisonous Vapours        Pois/Air       6%         N/A       38%         2
 Static Discharge         Conj/Air       6%         2-3/arc   38%         2
 Sublimation of Blood     Necr           3%         N/A       38%         2
 Confusing Touch          Hex            3%         N/A       58%         3
 Lesser Beckoning         Tloc           6%         N/A       58%         3
 Tukima's Dance           Hex            3%         N/A       58%         3
 Vhi's Electric Charge    Tloc/Air       6%         N/A       58%         3
 Petrify                  Tmut/Erth      9%         N/A       75%         4
 Airstrike                Air            1%         2d(1-17)  92%         4
 Dispel Undead            Necr           3%         3d7       92%         4
 Passage of Golubria      Tloc           3%         N/A       92%         4
 Yara's Violent Unravell  Hex/Tmut       4%         3d4       97%         5
 Arcjolt                  Conj/Air       1%         1d11      99%         5
 Iskenderun's Battlesphe  Conj           3%         2d6       99%         5
 Lightning Bolt           Conj/Air       1%         1d12      99%         5
 Metabolic Englaciation   Hex/Ice        2%         N/A       99%         5
 Death Channel            Necr           1%         N/A       100%        6
 Iron Shot                Conj/Erth      1%         9d1       100%        6
 Spellforged Servitor     Conj/Summ      1%         N/A       100%        7
 Summon Hydra             Summ           1%         N/A       100%        7


Dungeon Overview and Level Annotations

Branches:
Dungeon (15/15)            Temple (0/1) D:5            Lair (5/5) D:9
 Shoals (1/4) Lair:2       Spider (3/4) Lair:3        Slime (0/5) Lair:4
    Orc (2/2) D:10            Elf (0/3) Orc:2        Vaults (0/5) D:13
 Depths (0/4) D:15          Sewer (visited)           IceCv (1/1)
Gauntlet (visited)

Shops:
D:6 !   Orc:1 ?   Orc:2 [(=?:

Portals:
Abyss: Spider:3
Trove: D:15 (give +6 demon trident)

Annotations:
Lair:2 exclusion: door


Innate Abilities, Weirdness & Mutations

You have an increased reservoir of magic. (+10% MP)
You shall have no god before yourself.
Your divine heritage dramatically boosts your attributes as you level up.
You occasionally lose the ability to drink potions when taking damage.


Message History

Unknown command.
Unknown command.
Unknown command.
You pummel the Ice Fiend!!
The Ice Fiend is heavily wounded.
The Ice Fiend claws you.
* * * LOW HITPOINT WARNING * * *
The Ice Fiend freezes you!! You resist.
* * * LOW HITPOINT WARNING * * *
The Ice Fiend claws you but does no damage.
Unknown command.
Unknown command.
Unknown command.
Unknown command.
Unknown command.
Unknown command.
Unknown command.
Unknown command.
Unknown command.
Unknown command.
Unknown command.
Unknown command.
Unknown command.
Unknown command.
You pummel the Ice Fiend!!
The Ice Fiend is severely wounded.
The Ice Fiend calls on the powers of darkness!
Your body is wracked with pain!
* * * LOW HITPOINT WARNING * * *
Unknown command.
Unknown command.
Unknown command.
Unknown command.
Unknown command.
Unknown command.
You hit the Ice Fiend.
The Ice Fiend is severely wounded.
The Ice Fiend gestures at you. The bolt of cold hits you!!! You resist.
You die...

#.###.8...8.###.#
#.#.'.......'.#.#
#'######+######'#
#...............#
####8.#####.8####
##.#)11#.##
#.#.⌠?#.#
#.#:.1#.#
#@##'##.#
#.1.....#
####⌠#### ###


You could see an Ice Fiend.

Vanquished Creatures
  An Ice Fiend (IceCv)
  Asterion (Spider:1)
  Kirke (D:13)
  An azure jelly (Spider:3)
  2 emperor scorpions
  A ghost moth (Spider:1)
  A reaper (Lair:3)
  Nessos (Lair:4)
  A spark wasp (Lair:3)
  A minotaur (Gauntlet)
  Snorg (D:10)
  An entropy weaver (Spider:2)
  Josephine (D:15)
  Fannar (D:10)
  2 jorogumos (Spider:2)
  3 caustic shrike simulacra (IceCv)
  2 ogre magi (Orc:2)
  6 hydras
  3 centaur warriors
  3 boulder beetles
  2 dancing weapons (D:13)
  A radroach (Spider:2)
  14 two-headed ogres
  A tengu warrior (D:15)
  9 death yaks
  The ghost of experimilk the Destroyer, a novice DrCj of Sif Muna (D:9)
  3 pharaoh ants
  A fire crab (Lair:2)
  2 deep trolls
  A sea snake (Shoals:1)
  6 orb spiders
  7 steelbarb worms
  2 obsidian statues (IceCv)
  A spriggan simulacrum (IceCv)
  2 lindwurms (Lair:5)
  2 bog bodies (IceCv)
  A necromancer (Gauntlet)
  The ghost of IdlyInterested the Trooper, a novice DsWn (D:6)
  An orc knight (Orc:2)
  11 wolf spiders
  An orc sorcerer (Orc:2)
  2 deep elf pyromancers
  3 manticores
  7 cyclopes
  A shining eye (shapeshifter) (D:8)
  5 ugly things
  A naga mage (D:15)
  A moth of wrath (Spider:1)
  10 elephants
  6 black mambas
  2 gargoyles (D:11)
  A guardian serpent (shapeshifter) (D:14)
  2 unseen horrors
  4 demonic crawlers
  19 cane toads
  A cane toad (shapeshifter) (D:15)
  8 rime drakes
  A minotaur zombie (Gauntlet)
  5 torpor snails
  3 unseen horror zombies (D:10)
  8 komodo dragons
  An efreet (D:15)
  6 freezing wraiths
  A tengu conjurer (D:15)
  An ice devil (IceCv)
  12 trolls
  A merfolk (D:9)
  4 golden dragon simulacra (IceCv)
  7 meliai
  2 wind drakes
  3 polar bears (Lair:2)
  4 tarantellas
  A hornet (D:9)
  35 slime creatures
  8 blink frogs
  A snapping turtle (Shoals:1)
  3 dream sheep
  Sigmund (D:3)
  A centaur simulacrum (D:14)
  3 shadows (D:10)
  7 jumping spiders
  6 culicivoras
  3 vampires
  11 wraiths
  3 wyverns
  7 hogs (D:13)
  A human (Lair:3)
  87 yaks
  A neqoxec (Gauntlet)
  8 basilisks
  A redback (shapeshifter) (D:9)
  3 chaos spawn (Gauntlet)
  14 redbacks
  6 vampire mosquitoes
  3 steam dragons
  A minotaur simulacrum (IceCv)
  3 wargs (Orc:2)
  3 acid dragons
  17 water moccasins
  2 hydra simulacra (IceCv)
  17 orc warriors
  3 sky beasts
  2 ettin simulacra (IceCv)
  4 ice beasts
  A black bear (D:4)
  11 centaurs
  24 ogres
  21 wolves
  7 kobold brigands
  2 phantoms
  Blork the orc (D:4)
  3 necrophages
  A gnoll sergeant (D:7)
  23 bullfrogs
  A deep troll simulacrum (IceCv)
  6 scorpions
  8 wights
  A lindwurm simulacrum (IceCv)
  5 killer bees
  4 howler monkeys
  3 electric eels
  5 centaur zombies (D:10)
  2 jellies (D:6)
  4 hounds
  10 orc priests
  4 iguanas
  18 orc wizards
  Natasha (thrice) (D:3)
  5 gnolls
  7 river rats (Sewer)
  12 adders
  3 shadow imps
  4 dart slugs
  49 orcs
  8 endoplasms
  4 giant cockroaches
  4 goblins
  7 hobgoblins
  3 jackals (D:3)
  5 quokkas
  17 ball pythons
  5 bats
  9 frilled lizards
  35 kobolds
  22 rats
869 creatures vanquished.

Vanquished Creatures (others)
  19 fungi
  A lurking horror (Spider:3)
  33 plants
53 creatures vanquished.

Grand Total: 922 creatures vanquished

Notes
Turn   | Place    | Note
-------+----------+-------------------------------------------
     0 | D:5      | drugrobin the Demigod Delver began the quest for the Orb.
     0 | D:5      | Reached XP level 1. HP: 18/18 MP: 3/3
   293 | D:4      | Noticed an orc priest
   294 | D:4      | Noticed an orc wizard
   305 | D:5      | Reached skill level 2 in Unarmed Combat
   356 | D:5      | Noticed a scorpion
   430 | D:5      | Noticed a water moccasin
   509 | D:5      | Killed an orc wizard
   510 | D:5      | Reached skill level 3 in Unarmed Combat
   510 | D:5      | Reached XP level 2. HP: 15/25 MP: 4/4
   670 | D:4      | Reached XP level 3. HP: 30/30 MP: 5/5
   683 | D:4      | Reached skill level 4 in Unarmed Combat
   821 | D:4      | Reached XP level 4. HP: 24/37 MP: 6/6
  1042 | D:3      | Noticed Natasha
  1439 | D:1      | Learned a level 2 spell: Blink
  2814 | D:3      | Killed Natasha
  2815 | D:3      | Reached skill level 5 in Unarmed Combat
  2815 | D:3      | Reached XP level 5. HP: 39/42 MP: 7/7
  2838 | D:3      | Noticed Natasha
  2852 | D:3      | Killed Natasha
  2886 | D:3      | Noticed Natasha
  2906 | D:3      | Killed Natasha
  3018 | D:3      | Noticed Sigmund
  3227 | D:4      | Noticed Blork the orc
  3432 | D:5      | Reached skill level 6 in Unarmed Combat
  3432 | D:5      | Reached XP level 6. HP: 50/50 MP: 8/8
  3576 | D:5      | Found a staircase to the Ecumenical Temple.
  3836 | D:5      | Killed a water moccasin
  3837 | D:5      | Reached skill level 7 in Unarmed Combat
  4042 | D:5      | Reached XP level 7. HP: 56/56 MP: 9/9
  4063 | D:5      | Reached skill level 8 in Unarmed Combat
  4504 | D:6      | Reached skill level 9 in Unarmed Combat
  4516 | D:6      | Found Kollal's Distillery.
  4524 | D:6      | Bought a potion of curing for 33 gold pieces
  4524 | D:6      | Bought a potion of heal wounds for 55 gold pieces
  4524 | D:6      | Bought a potion of lignification for 33 gold pieces
  4524 | D:6      | Bought a potion of brilliance for 44 gold pieces
  4524 | D:6      | Bought a potion of attraction for 33 gold pieces
  4594 | D:6      | Reached XP level 8. HP: 50/62 MP: 8/10
  4665 | D:6      | Found a glowing drain.
  4669 | Sewer    | Entered a sewer
  5083 | Sewer    | Reached skill level 10 in Unarmed Combat
  5542 | D:6      | Learned a level 3 spell: Mephitic Cloud
  5545 | D:6      | Learned a level 2 spell: Cigotuvi's Dreadful Rot
  5720 | D:6      | Noticed a two-headed ogre
  5729 | D:6      | Reached skill level 11 in Unarmed Combat
  5729 | D:6      | Noticed IdlyInterested's ghost (novice DsWn)
  5735 | D:6      | Noticed a cyclops
  5812 | D:6      | Found a transporter.
  5851 | D:6      | Found a transporter.
  6152 | D:3      | Killed Sigmund
  6349 | D:4      | Killed Blork the orc
  6350 | D:4      | Reached XP level 9. HP: 68/68 MP: 11/11
  6944 | D:7      | Reached skill level 12 in Unarmed Combat
  7129 | D:7      | Noticed a cyclops
  7130 | D:7      | Noticed a manticore
  7146 | D:7      | Noticed a deep elf pyromancer
  7197 | D:7      | Noticed a two-headed ogre
  7222 | D:7      | Found a transporter.
  7566 | D:7      | Found a transporter.
  7873 | D:8      | Reached skill level 13 in Unarmed Combat
  7890 | D:8      | Noticed a komodo dragon
  7890 | D:8      | Noticed a white ugly thing
  7894 | D:8      | Noticed a deep elf pyromancer
  7919 | D:8      | Killed a white ugly thing
  7940 | D:8      | Noticed a death drake
  8273 | D:8      | Noticed a black mamba
  8329 | D:8      | Noticed a salamander
  8332 | D:8      | a salamander changed into a lindwurm
  8332 | D:8      | Noticed a lindwurm (shapeshifter)
  8333 | D:8      | a lindwurm changed into a shining eye
  8333 | D:8      | Noticed a shining eye (shapeshifter)
  8341 | D:8      | Gained mutation: You occasionally lose the ability to drink
                  | potions when taking damage. [a shining eye]
  8343 | D:8      | Killed a shining eye
  8833 | D:8      | Reached XP level 10. HP: 71/74 MP: 11/13
  8934 | D:8      | Killed a deep elf pyromancer
  8935 | D:8      | Reached skill level 14 in Unarmed Combat
  9298 | D:8      | Identified the +3 scale mail of the Meadowlark {rElec rPois
                  | Int-2 SInv}
  9950 | D:9      | Found a staircase to the Lair.
 10199 | D:9      | Reached skill level 15 in Unarmed Combat
 10205 | D:9      | Noticed a two-headed ogre
 10251 | D:9      | Killed a two-headed ogre
 11075 | D:9      | Found a runed translucent gate.
 11076 | D:9      | Found a runed translucent gate.
 11076 | D:9      | Found a runed translucent gate.
 11078 | D:9      | Noticed a red ugly thing
 11078 | D:9      | Noticed a centaur warrior
 11078 | D:9      | Noticed experimilk's ghost (novice DrCj)
 11272 | Lair:1   | Entered Level 1 of the Lair of Beasts
 11280 | Lair:1   | Reached XP level 11. HP: 75/81 MP: 12/14
 11347 | Lair:1   | Reached skill level 16 in Unarmed Combat
 11428 | Lair:1   | Reached skill level 1 in Spellcasting
 11428 | Lair:1   | Reached skill level 1 in Evocations
 12922 | Lair:2   | Found a staircase to the Shoals.
 13002 | Lair:2   | Reached skill level 5 in Fighting
 13771 | Lair:2   | Noticed a death yak
 13772 | Lair:2   | Noticed a seven-headed hydra
 13830 | Lair:2   | Killed a death yak
 14088 | Lair:2   | Reached XP level 12. HP: 96/96 MP: 21/21
 14222 | Lair:2   | Learned a level 2 spell: Wereblood
 14636 | Lair:2   | Noticed a five-headed hydra
 14637 | Lair:2   | Noticed a boulder beetle
 14974 | D:10     | Entered Level 10 of the Dungeon
 15094 | D:10     | Identified the +9 trident "Aliarch" {freeze, +Blink Int+2
                  | Stlth-}
 15162 | D:10     | Found a staircase to the Orcish Mines.
 15174 | D:10     | Reached skill level 17 in Unarmed Combat
 15875 | D:10     | Noticed Fannar
 15893 | D:10     | Killed Fannar
 16291 | D:11     | Reached skill level 18 in Unarmed Combat
 17032 | D:12     | Reached XP level 13. HP: 90/107 MP: 22/22
 17589 | Orc:1    | Entered Level 1 of the Orcish Mines
 17589 | Orc:1    | Found Vaku's Magic Scroll Emporium.
 17591 | Orc:1    | Bought a scroll of identify for 32 gold pieces
 17591 | Orc:1    | Bought a scroll of identify for 32 gold pieces
 17591 | Orc:1    | Bought a scroll of identify for 32 gold pieces
 17591 | Orc:1    | Bought a scroll of identify for 32 gold pieces
 17792 | Orc:1    | Noticed Snorg
 17810 | D:10     | Killed Snorg
 18117 | Lair:3   | Reached skill level 5 in Spellcasting
 18172 | Lair:3   | Found a hole to the Spider Nest.
 19165 | Lair:3   | Found a runed translucent door.
 19165 | Lair:3   | Noticed a reaper
 20372 | Lair:4   | Found a staircase to the Slime Pits.
 20527 | Lair:4   | Reached skill level 10 in Fighting
 20591 | Lair:4   | Reached skill level 19 in Unarmed Combat
 20714 | Lair:4   | Noticed Nessos
 20736 | Lair:4   | Killed Nessos
 21701 | Lair:5   | Entered Level 5 of the Lair of Beasts
 22060 | Lair:5   | Reached XP level 14. HP: 122/122 MP: 15/25
 23960 | Orc:2    | Entered Level 2 of the Orcish Mines
 23999 | Orc:2    | Found Xuussi's Vocational Training.
 24017 | Orc:2    | Found Ujyfaej's Jewellery Emporium.
 24026 | Orc:2    | Found a gate leading to a gauntlet.
 24048 | Gauntlet | Entered a Gauntlet
 24048 | Gauntlet | Found a transporter.
 24057 | Gauntlet | Found a transporter.
 24072 | Gauntlet | Found a transporter.
 24074 | Gauntlet | Found a transporter.
 24090 | Gauntlet | Found a transporter.
 24105 | Gauntlet | Found a transporter.
 24132 | Gauntlet | Found a transporter.
 24142 | Gauntlet | Found a transporter.
 24160 | Gauntlet | Found a transporter.
 24160 | Gauntlet | Found a transporter.
 24162 | Gauntlet | Found a transporter.
 24187 | Gauntlet | Found a transporter.
 24194 | Gauntlet | Found a transporter.
 24196 | Gauntlet | Found a transporter.
 24376 | Gauntlet | Identified the +0 pair of boots of the Old World {rCorr
                  | SInv}
 24451 | Gauntlet | Reached skill level 20 in Unarmed Combat
 24541 | Gauntlet | Identified the +1 pair of gloves of Polish {rF++ Str+2
                  | Int-5}
 24616 | Gauntlet | Learned a level 3 spell: Swiftness
 25303 | Orc:2    | Found Resor's Antique Armour Shoppe.
 25307 | Orc:2    | Found Qesiadgh's Antique Weapon Shop.
 25314 | Orc:2    | Found Bujuq's Magic Scroll Shoppe.
 25327 | Orc:2    | Bought a scroll of amnesia for 64 gold pieces
 25327 | Orc:2    | Bought a scroll of identify for 32 gold pieces
 25577 | Orc:2    | Found a staircase to the Elven Halls.
 25892 | Orc:2    | Bought the +4 moon troll leather armour {Spirit, Regen++
                  | MP+5} for 1798 gold pieces
 25892 | Orc:2    | Found the +4 moon troll leather armour {Spirit, Regen++
                  | MP+5}
 26080 | D:6      | Killed IdlyInterested's ghost
 26483 | D:9      | Killed experimilk's ghost
 26491 | D:9      | Reached XP level 15. HP: 122/136 MP: 26/26
 26683 | Shoals:1 | Entered Level 1 of the Shoals
 27007 | Spider:1 | Entered Level 1 of the Spider Nest
 27588 | Spider:1 | Reached skill level 21 in Unarmed Combat
 27629 | Spider:1 | Noticed Asterion
 27637 | Spider:1 | Killed Asterion
 28198 | D:13     | Noticed Kirke
 28637 | D:13     | Found a gate to the Vaults.
 28666 | D:13     | Noticed a sphinx
 28909 | D:13     | Killed Kirke
 29814 | D:14     | Identified the +2 leather armour "Lymo" {Contam MP+9
                  | Stlth+}
 30375 | D:15     | Entered Level 15 of the Dungeon
 30459 | D:15     | Noticed Josephine
 30475 | D:15     | Killed Josephine
 30835 | D:15     | Found a portal to a secret trove of treasure.
 30970 | D:15     | Found a staircase to the Depths.
 31403 | Spider:1 | Reached skill level 15 in Fighting
 32087 | Spider:2 | Reached XP level 16. HP: 123/145 MP: 27/27
 32769 | Spider:2 | Reached skill level 22 in Unarmed Combat
 32823 | Spider:2 | Identified the +4 chain mail of the Loofah {Contam rElec
                  | rC+}
 32963 | Spider:2 | Learned a level 6 spell: Statue Form
 33084 | Spider:3 | Found a one-way gate to the infinite horrors of the Abyss.
 33185 | Spider:3 | Reached skill level 1 in Transmutations
 33228 | Spider:3 | Found a frozen archway.
 33278 | IceCv    | Entered an ice cave
 33893 | IceCv    | Noticed an Ice Fiend
 33893 | IceCv    | Noticed an Ice Fiend
 33907 | IceCv    | Killed an Ice Fiend
 33911 | IceCv    | HP: 5/151 [Ice Fiend (18)]
 33913 | IceCv    | Killed from afar by an Ice Fiend

Illustrated notes

Levels and vault maps discovered:
D:1:      erik_arrival_triangle_medium, layout_basic, corner_web_ring,
          kennysheep_decorative_pillar, corexii_item_surrounded_by_moat
D:2:      layout_basic
D:3:      layout_rooms, uniq_natasha, uniq_sigmund
D:4:      minmay_razor_zed, layout_rooms, evilmike_ruin_ashenzari,
          uniq_blork_the_orc
D:5:      layout_basic, mainiacjoe_overflow_surrounded_room,
          minmay_temple_entry_enclosed_plants, kennysheep_big_empty_room,
          chequers_serial_rivers_room_a
D:6:      layout_loops_ring, gup_sewer_entry_spiral, gammafunk_ghost_arena,
          serial_shops, nicolae_shop_waterfront
D:7:      gammafunk_the_bubble [the_bubble_gammafunk_split], layout_basic,
          mainiacjoe_overflow_alcove_3
D:8:      minmay_curly_fans, layout_layer_cave,
          beargit_hepliaklqana_dungeon_heroes, nicolae_vehumet_altar_sigil,
          serial_co_window_serial, co_window_of_opportunity_a,
          co_window_paths_b, co_window_paths_a, co_window_of_opportunity_a,
          co_window_corner_a, co_window_of_opportunity_b,
          co_window_unsneaky_path_e, co_window_of_opportunity_c,
          co_window_of_opportunity_b, co_window_sun, kennysheep_generic_room_6
D:9:      layout_basic, lair_entry_dummy, ebering_ghost_gozag,
          hangedman_fish_farm
D:10:     layout_loops_ring, david_orc_1_choice, serial_undead, serial_undead_a,
          serial_undead_f, serial_undead_b, serial_undead_a, serial_undead_c,
          hangedman_decor_opposing, minmay_stone_trees_large, uniq_fannar
D:11:     layout_roguey
D:12:     layout_gridville, okawaru_trees_2
D:13:     layout_roguey, erik_vaults_1, serial_aquarium,
          aquarium_bridge_long_joined [aquarium_subvault_wall,
          aquarium_subvault_window, aquarium_subvault_bridge,
          aquarium_subvault_bridge, aquarium_subvault_bridge,
          aquarium_subvault_wall], aquarium_window_fake, aquarium_window_1,
          aquarium_window_corridor_1, aquarium_window_1, aquarium_view_2g,
          aquarium_balcony_double_4, aquarium_pool_1, uniq_kirke
D:14:     layout_stronghold, infiniplex_staircase_pool
D:15:     hangedman_depths_entry_try_elsewhere_first, layout_rooms,
          enter_trove_6, glass_columns_a, uniq_josephine
Lair:1:   layout_gridlike
Lair:2:   nzn_winding_woodlands_huge [nzn_winding_woodlands_5x15_zeroes,
          nzn_winding_woodlands_5x15_cabin, nzn_winding_woodlands_5x15_jagged,
          nzn_winding_woodlands_5x15_pool, nzn_winding_woodlands_5x15_longhouse,
          nzn_winding_woodlands_5x15_default,
          nzn_winding_woodlands_5x15_sidewinder,
          nzn_winding_woodlands_5x15_crooked,
          nzn_winding_woodlands_5x15_default, nzn_winding_woodlands_5x15_twine,
          nzn_winding_woodlands_center_garden,
          nzn_winding_woodlands_center_lodge,
          nzn_winding_woodlands_15x15_killbox], layout_regular_city,
          minmay_shoals_entry_beasts, mumra_transporter_accident
Lair:3:   layout_regular_city, hellmonk_spider_entry_not_the_bees,
          pdpol_lair_cabin_in_the_woods, grunt_megastairs_1,
          serial_bayou_shore_a, infiniplex_staircase_pool_2
Lair:4:   layout_layer_cave, slime_entry_1, uniq_nessos
Lair:5:   hangedman_lair_in_review, layout_regular_city
Shoals:1: layout_shoals, nicolae_shoals_drake_roost
Spider:1: layout_spider_delve, nicolae_spider_bug_shape, uniq_asterion
Spider:2: layout_cave_pods
Spider:3: layout_spider_delve, portal_ice_cave_entry_frozen_things,
          hangedman_spider_mandibles, amcnicky_altar_lugonu_corruption
Orc:1:    layout_caves, basic_altar, serial_shops, shop, uniq_snorg
Orc:2:    st_orc_open, layout_diamond_mine, gauntlet_entry_generic,
          dreamdust_deal_with_the_devil, nicolae_shop_vocational
IceCv:    ice_cave_tombish

Skill      XL: |  1  2  3  4  5  6  7  8  9 10 11 12 13 14 15 16 |
---------------+-------------------------------------------------+-----
Unarmed Combat | 3 4 5 6 7 9 11 13 15 16 18 19 20 21 22 | 22.1
Fighting       | 6 8 10 13 15 | 15.8
Spellcasting   | 4 5 |  5.0
Evocations     | 4 |  4.0
Transmutations | 3 |  3.6
Dodging        | |  1.7
Stealth        | |  4.5

Action                   |  1- 3 |  4- 6 |  7- 9 | 10-12 | 13-15 | 16-18 || total
-------------------------+-------+-------+-------+-------+-------+-------++-------
Melee: Unarmed           |    36 |   126 |   531 |   927 |  1555 |   259 ||  3434
       Punch             |     1 |     5 |    29 |   107 |   226 |       ||   368
       Whip              |       |    55 |     7 |       |       |       ||    62
       Dagger            |       |       |     1 |     1 |     3 |       ||     5
Throw: Javelin           |     4 |     2 |       |       |    39 |     4 ||    49
       Boomerang         |       |     1 |    20 |    27 |       |       ||    48
       Dart              |       |       |     2 |    23 |     7 |       ||    32
       Throwing net      |       |       |     1 |       |       |       ||     1
 Cast: Cigotuvi's Dreadf |       |       |     1 |       |     3 |       ||     4
       Blink             |       |       |       |     3 |     2 |       ||     5
       Wereblood         |       |       |       |       |    20 |       ||    20
       Mephitic Cloud    |       |       |       |       |    38 |     1 ||    39
       Swiftness         |       |       |       |       |     1 |       ||     1
Evoke: Wand              |     5 |     1 |     5 |       |    21 |       ||    32
       Phial of floods   |       |       |       |     1 |     1 |       ||     2
       Condenser vane    |       |       |       |       |     1 |       ||     1
  Use: Scroll            |       |     1 |     6 |    11 |    13 |     1 ||    32
       Potion            |       |       |     1 |     2 |     1 |     2 ||     6
 Stab: Sleeping          |     1 |    14 |     7 |     5 |     3 |     2 ||    32
       Distracted        |       |       |     1 |     1 |     4 |       ||     6
       Held in net/web   |       |       |     3 |       |       |       ||     3
       Paralysed         |       |       |       |       |    11 |       ||    11
       Confused          |       |       |       |       |    28 |     1 ||    29
Armor: Leather armour    |     6 |    65 |   159 |       |       |       ||   230
       Scale mail        |       |       |       |   344 |    41 |       ||   385
       Chain mail        |       |       |       |    16 |       |       ||    16
       Troll leather arm |       |       |       |       |   524 |   163 ||   687
Dodge: Dodged            |    28 |    99 |   395 |   360 |   614 |   101 ||  1597
Block: Kite shield       |       |       |       |       |    55 |   120 ||   175

Table legend: (Time is in decaauts)
 A = Elapsed time spent in this place.
 B = Non-inter-level travel time spent in this place.
 C = Inter-level travel time spent in this place.
 D = Time resting spent in this place.
 E = Time spent auto-exploring this place.
 F = Levels seen in this place.
 G = Mean time per level.
                   A        B        C        D        E       F      G
               +--------+--------+--------+--------+--------+-----+--------+
         Total |  33157 |  29586 |   3571 |   1714 |  18621 |  29 | 1143.3 |
       Dungeon |  17262 |  15200 |   2062 |    869 |  10088 |  15 | 1150.8 |
          Lair |   9699 |   8494 |   1205 |    456 |   5753 |   5 | 1939.8 |
        Shoals |    274 |    257 |     17 |     50 |    111 |   1 |  274.0 |
   Spider Nest |   2548 |   2387 |    161 |    172 |   1334 |   3 |  849.3 |
  Orcish Mines |   1669 |   1545 |    124 |     59 |    894 |   2 |  834.5 |
         Sewer |    545 |    545 |      0 |      0 |    254 |   1 |  545.0 |
      Ice Cave |    611 |    611 |      0 |     68 |    151 |   1 |  611.0 |
      Gauntlet |    545 |    545 |      0 |     39 |     36 |   1 |  545.0 |
               +--------+--------+--------+--------+--------+-----+--------+

Top non-repeatable levels by time:
  Lair:2: 3432 daAuts
     D:8: 2289 daAuts
  Lair:3: 1908 daAuts
     D:5: 1806 daAuts
  Lair:5: 1640 daAuts
     D:9: 1479 daAuts
  Lair:4: 1453 daAuts
Spider:2: 1427 daAuts
     D:6: 1390 daAuts
    D:13: 1389 daAuts
    D:10: 1373 daAuts
  Lair:1: 1264 daAuts
     D:7: 1250 daAuts
   Orc:2: 1219 daAuts
Spider:1: 986 daAuts
